 Dungeon Crawl Stone Soup version 0.29.1-15-g9cfb28693d (webtiles) character file.

Game seed: 12320715657135630969

67 joshua the Ruffian (level 3, -4/36 HPs)
             Began as a Troll Berserker on Mar 17, 2023.
             Was a Believer of Trog.
             Slain by Sigmund
             ... wielding a +0 scythe
              (8 damage)
             ... on level 2 of the Dungeon.
             The game lasted 00:17:02 (1689 turns).

joshua the Ruffian (Troll Berserker)                Turns: 1689, Time: 00:17:03

Health: -4/36      AC:  4    Str: 27    XL:     3   Next: 98%
Magic:  2/2        EV: 10    Int:  3    God:    Trog [**....]
Gold:   77         SH:  0    Dex:  9    Spells: 2/2 levels left

rFire   . . .      SeeInvis .     - Unarmed
rCold   . . .      Faith    .   (no shield)
rNeg    . . .      Spirit   .   a - +0 animal skin
rPois   .          Reflect  .   (helmet restricted)
rElec   .          Harm     .   (no cloak)
rCorr   .          Rampage  .   (gloves unavailable)
Will    .....                   (boots unavailable)
Stlth   +.........              (no amulet)
HPRegen 0.92/turn               (no ring)
MPRegen 0.08/turn               (no ring)

@: studying Maces & Flails
A: large, unfitting armour, claws 3, regeneration 1, shaggy fur 1, tough skin 1
a: Renounce Religion, Berserk, Trog's Hand


You were on level 2 of the Dungeon.
You worshipped Trog.
Trog was pleased with you.
You visited 1 branch of the dungeon, and saw 2 of its levels.

You collected 77 gold pieces.

Inventory:

Armour
 a - a +0 animal skin (worn)
 b - a +0 leather armour
 c - a +0 cloak
 f - a +0 chain mail
 j - a +0 ring mail
Magical Staves
 d - a staff of fire
Scrolls
 g - a scroll of amnesia {unknown}
 k - a scroll of identify
 l - a scroll of acquirement {unknown}
Potions
 e - 2 potions of flight {unknown}
 h - a potion of attraction
 i - a potion of might {unknown}


   Skills:
 + Level 2.8 Fighting
 + Level 3.1 Dodging
 + Level 3.9 Unarmed Combat


You had 2 spell levels left.
You didn't know any spells.
Your spell library was empty.

Dungeon Overview and Level Annotations

Branches:
Dungeon (2/15)

Altars:
Dithmenos

Annotations:
D:2 Sigmund


Innate Abilities, Weirdness & Mutations

You are too large for most types of armour.
You have claws for hands.
Your natural rate of healing is unusually fast.
You are covered in fur. (AC +1)
You have tough skin. (AC +1)


Message History

You kill the jackal!
Trog accepts your kill.
l - a scroll labelled QOMOSIANEM
Things that are here:
a jackal corpse; a jackal corpse; a jackal corpse You now have 61 gold pieces (gained 8).
You now have 67 gold pieces (gained 6).
You now have 77 gold pieces (gained 10).
Things that are here:
a jackal corpse; a jackal corpse; a jackal corpse Sigmund the Dreaded comes into view.
He is wielding a +0 scythe.
Sigmund shouts!
Sigmund is suddenly surrounded by pale green light.
Sigmund points at you and mumbles some strange words.
The magic dart hits you.
You closely miss Sigmund.
Sigmund casts a spell.
Sigmund flickers and vanishes!
Deactivating autopickup; reactivate with Ctrl-A.
You miss something. Something hits you.
You scratch something. You miss something.
Something hits you but does no damage.
You completely miss something. Something hits you!
You hear some strange, mumbled words.
A puff of flame appears from out of thin air!
The puff of flame hits you!
You miss something.
You hear some strange, mumbled words.
A magic dart appears from out of thin air!
The magic dart hits you!
* * * LOW HITPOINT WARNING * * *
You closely miss something. Something hits you.
* * * LOW HITPOINT WARNING * * *
You miss something. You closely miss something. Something hits you!
* * * LOW HITPOINT WARNING * * *
You barely miss something. Something completely misses you.
You claw something! You barely miss something. Something hits you!
You die...

........# ........+
......# ##......# .....#
##.###.... .....# ##.#
.... ..... .... ...
####...# ##.# ..
#......# # #...{..# ..
#...@..# ####.# #......#
...#.########.....##
##..........#.....#
##..........#.....#
.#..........#.....#
.#.......## ###...#
.#........# #.....#
.#........###....#######


There were no monsters in sight!

Vanquished Creatures
  2 adders (D:2)
  A worm (D:2)
  5 ball pythons (D:1)
  2 bats (D:1)
  2 endoplasms (D:1)
  4 giant cockroaches
  4 goblins (D:1)
  A hobgoblin (D:1)
  7 jackals (D:2)
  3 quokkas
  A frilled lizard (D:1)
  5 kobolds
  3 rats
40 creatures vanquished.

Notes
Turn   | Place    | Note
-------+----------+-------------------------------------------
     0 | D:1      | joshua the Troll Berserker began the quest for the Orb.
     0 | D:1      | Reached XP level 1. HP: 22/22 MP: 0/0
   263 | D:1      | Reached XP level 2. HP: 29/29 MP: 1/1
   943 | D:1      | Reached ** piety under Trog
   944 | D:1      | Reached XP level 3. HP: 36/36 MP: 2/2
  1427 | D:2      | Found a shadowy altar of Dithmenos.
  1672 | D:2      | Noticed Sigmund
  1686 | D:2      | HP: 1/36 [something (9)]
  1689 | D:2      | Slain by Sigmund

Illustrated notes

Levels and vault maps discovered:
D:1:      nicolae_arrival_washed_ashore, layout_loops_ring, minmay_pentomino_v4
D:2:      layout_basic, basic_altar, mrwooster_statue_mirror, uniq_sigmund

Skill      XL: |  1  2  3 |
---------------+----------+-----
Dodging        | 3 |  3.1
Fighting       | |  2.8
Unarmed Combat | |  3.9

Action                   || total
-------------------------++-------
Melee: Unarmed           ||   119
       Punch             ||     1
  Use: Scroll            ||     1
       Potion            ||     1
Armor: Animal skin       ||    65
Dodge: Dodged            ||   102
